 Dungeon Crawl Stone Soup version 0.28.0 (webtiles) character file.

Game seed: 3888842239653467376

21 themarg the Caller (level 2, -1/19 HPs)
             Began as a Merfolk Summoner on Feb 10, 2022.
             Slain by an adder (2 damage)
             ... on level 1 of the Dungeon.
             The game lasted 00:05:37 (863 turns).

themarg the Caller (Merfolk Summoner)                Turns: 863, Time: 00:05:37

Health: -1/19      AC:  2    Str:  8    XL:     2   Next: 83%
Magic:  3/5        EV: 13    Int: 14    God:
Gold:   100        SH:  0    Dex: 14    Spells: 4/5 levels left

rFire   . . .      SeeInvis .   e - +0 spear
rCold   . . .      Faith    .   (no shield)
rNeg    . . .      Spirit   .   a - +0 robe
rPois   .          Reflect  .   (no helmet)
rElec   .          Harm     .   (no cloak)
rCorr   .          Rampage  .   (no gloves)
Will    .....                   (no boots)
Stlth   ++........              (no amulet)
HPRegen 0.06/turn               (no ring)
MPRegen 0.09/turn               (no ring)

@: lethally poisoned (-1 -> -2)
A: (nimble swimmer 2), mertail
a: no special abilities


You were on level 1 of the Dungeon.
You visited 1 branch of the dungeon, and saw 2 of its levels.

You collected 100 gold pieces.

Inventory:

Hand Weapons
 e - a +0 spear (weapon)
Missiles
 g - 30 stones
Armour
 a - a +0 robe (worn)
Jewellery
 b - a ring of willpower
Scrolls
 f - a scroll of blinking {unknown}
Potions
 c - 2 potions of curing {unknown}
 d - a potion of might {unknown}


   Skills:
 + Level 0.4 Polearms
 + Level 3.1 Dodging
 + Level 2.3 Stealth
 + Level 2.2 Spellcasting
 + Level 4.3 Summonings


You had 4 spell levels left.
You knew the following spells:

 Your Spells              Type           Power      Damage    Failure   Level
a - Summon Small Mammal   Summ           52%        N/A       3%          1

Your spell library contained the following spells:

 Spells                   Type           Power      Damage    Failure   Level
 Call Imp                 Summ           13%        N/A       6%          2
 Call Canine Familiar     Summ           13%        N/A       12%         3
 Summon Guardian Golem    Hex/Summ       7%         N/A       28%         3
 Sublimation of Blood     Necr           1%         N/A       34%         2
 Wereblood                Tmut           1%         N/A       34%         2
 Summon Lightning Spire   Summ/Air       7%         N/A       67%         4
 Summon Hydra             Summ           6%         N/A       100%        7


Dungeon Overview and Level Annotations

Branches:
Dungeon (2/15)

Altars:

Shops:
D:1 (

Annotations:
D:2 Natasha


Innate Abilities, Weirdness & Mutations

((You are very nimble when in or above water. (Stealth+, EV+, Speed+++)))
Your lower body shifts to a powerful aquatic tail in water.


Message History

Natasha hisses angrily.
The dart slug bites your rat but does no damage.
The adder barely misses you.
Your bat barely misses the adder.
Natasha mumbles some strange words.
Your rat bites the dart slug.
Your bat misses the adder. The dart slug barely misses your rat.
Your rat bites the dart slug.
Your rat bites the dart slug.
The dart slug barely misses your rat. The adder bites you.
Your bat hits the adder.
Your bat closely misses the adder.
A ball python comes into view.
The adder bites you.
Your bat closely misses the adder.
There is a stone staircase leading up here.
Your bat hits the adder but does no damage.
The adder bites you but does no damage.
You climb upwards.
There is a stone staircase leading down here.
You hit the adder but do no damage.
The adder is lightly wounded.
The adder bites you. The adder bites you but does no damage.
Casting: Summon Small Mammal (safe; 3% risk of failure)
Confirm with . or Enter, or press ? or * to list all spells.
The adder misses you.
You barely miss the adder.
The adder is lightly wounded.
The adder closely misses you.
Your rat closely misses the adder.
You hit the adder but do no damage.
The adder is lightly wounded.
The adder closely misses you. The adder bites you.
You are poisoned.
The adder poisons you!
Your rat barely misses the adder.
You swap places.
You feel sick. The adder bites you.
Your rat misses the adder.
You feel sick.
Your rat bites the adder.
Casting: Summon Small Mammal (safe; 3% risk of failure)
Confirm with . or Enter, or press ? or * to list all spells.
You feel sick. The adder bites you.
* * * LOW HITPOINT WARNING * * *
Your rat closely misses the adder.
The adder bites you.
You die...

#........#.)...)....###.....##.##
#........##..............##......
#...................###.#######..
#........#..........###.# ##.
#........#..............# ##
#........#..............#
#........#.....b........#
###########..........(>.#
##..rS@.#.....# ########.....#
#######


You could see an adder (ally target), a friendly bat (summoned) and a friendly
rat (summoned).

Vanquished Creatures
  3 goblins (D:1)
  2 bats (D:1)
  A frilled lizard (D:1)
  5 rats (D:1)
11 creatures vanquished.

Vanquished Creatures (collateral kills)
  A dart slug (D:1)
  3 ball pythons (D:1)
  A giant cockroach (D:1)
  2 hobgoblins (D:1)
  A rat (D:1)
8 creatures vanquished.

Grand Total: 19 creatures vanquished

Notes
Turn   | Place    | Note
-------+----------+-------------------------------------------
     0 | D:1      | themarg the Merfolk Summoner began the quest for the Orb.
     0 | D:1      | Reached XP level 1. HP: 13/13 MP: 3/3
   206 | D:1      | Reached XP level 2. HP: 19/19 MP: 3/5
   280 | D:1      | Found Paufaxzi's Weapon Shop.
   830 | D:2      | Noticed Natasha
   848 | D:2      | Noticed a crimson imp
   863 | D:1      | Slain by an adder

Illustrated notes

Levels and vault maps discovered:
D:1:      dpeg_arrival_simpleton_c, layout_rooms, serial_shops,
          nicolae_shop_bloodbath_and_beyond
D:2:      layout_loops_ring, grunt_ministairs_2, minmay_misc_feat_rows,
          uniq_natasha

Skill      XL: |  1 |
---------------+----+-----
Dodging        | 3 |  3.1
Polearms       | |  0.4
Stealth        | |  2.3
Spellcasting   | |  2.2
Summonings     | |  4.3

Action                   || total
-------------------------++-------
Melee: Whip              ||    12
       Unarmed           ||     2
       Spear             ||    25
       Dagger            ||     6
 Cast: Summon Small Mamm ||    20
 Stab: Sleeping          ||     4
       Distracted        ||     1
Armor: Robe              ||     6
Dodge: Dodged            ||    25
